 Dungeon Crawl Stone Soup version 0.31-a0-851-g7ff8af7976 (webtiles) character file.

Game seed: 4508652776757908862

18 MachoJfn the Chiller (level 2, -2/19 HPs)
             Began as a Demonspawn Ice Elementalist on Oct 7, 2023.
             Slain by a quokka (3 damage)
             ... on level 1 of the Dungeon.
             The game lasted 00:02:19 (446 turns).

MachoJfn the Chiller (Demonspawn Ice Elementalist)   Turns: 446, Time: 00:02:22

Health: -2/19      AC:  3    Str:  8    XL:     2   Next: 48%
Magic:  3/5        EV: 11    Int: 16    God:
Gold:   17         SH:  0    Dex: 13    Spells: 4/5 levels left

rFire   . . .        e - +0 short sword
rCold   . . .        (no shield)
rNeg    . . .        d - +0 leather armour
rPois   .            (no helmet)
rElec   .            (no cloak)
rCorr   .            (no gloves)
SInv    .            (no boots)
Will    .....        (no amulet)
Stlth   ++           (no ring)
HPRegen 0.23/turn    (no ring)
MPRegen 0.09/turn

%: no passive effects
@: no status effects
A: powered by death 1
a: no special abilities


You were on level 1 of the Dungeon.
You visited 1 branch of the dungeon, and saw 2 of its levels.

You collected 17 gold pieces.

Inventory:

Hand Weapons
 e - a +0 short sword (weapon)
Missiles
 f - 13 stones
Armour
 d - a +0 leather armour (worn)
Scrolls
 h - a scroll of enchant armour {unknown}
 i - a scroll of amnesia {unknown}
 k - a scroll of fear {unknown}
Potions
 a - a potion of cancellation {unknown}
 b - a potion of magic
 c - a potion of brilliance {unknown}
 g - a potion of mutation {unknown}
 j - a potion of attraction {unknown}
 l - a potion of lignification {unknown}


   Skills:
 + Level 0.2 Armour
 + Level 1.8 Dodging
 + Level 1.9 Stealth
 + Level 2.3 Spellcasting
 + Level 3.9 Ice Magic


You had 4 spell levels left.
You knew the following spells:

 Your Spells              Type           Power      Damage    Failure   Level
a - Freeze                Ice            56%        1d7       5%          1

Your spell library contained the following spells:

 Spells                   Type           Power      Damage    Failure   Level
 Frozen Ramparts          Ice            28%        1d5       17%         3
 Ozocubu's Armour         Ice            14%        N/A       17%         3
 Blink                    Tloc           2%         N/A       38%         2
 Lesser Beckoning         Tloc           2%         N/A       38%         2
 Momentum Strike          Conj/Tloc      2%         3d8       38%         2
 Summon Ice Beast         Ice/Summ       8%         N/A       77%         4


Dungeon Overview and Level Annotations

Branches:
Dungeon (2/15)

Altars:


Innate Abilities, Weirdness & Mutations

You regenerate a little health from kills.


Message History

The bat hits you but does no damage. The quokka bites you.
The endoplasm barely misses you. The quokka misses you.
The endoplasm misses you. The bat hits you but does no damage.
The quokka attacks as it pursues you! The quokka closely misses you. x2
The endoplasm hits you but does no damage.
You hit the endoplasm.
The endoplasm is heavily wounded.
The bat hits you but does no damage. The quokka misses you.
The endoplasm freezes you.
You are frozen.
You closely miss the quokka.
The quokka is heavily wounded.
The bat closely misses you. The quokka barely misses you.
The endoplasm barely misses you.
You closely miss the quokka.
The quokka is heavily wounded.
The bat hits you but does no damage. The quokka bites you.
* * * LOW HITPOINT WARNING * * *
The endoplasm freezes you.
You are frozen.
* * * LOW HITPOINT WARNING * * *
Casting: Freeze (safe; 6% risk of failure)
Confirm with . or Enter, or press ? or * to list all spells.
Aiming: Freeze (safe; 6% risk of failure)
Press: ? - help, Shift-Dir - straight line, f - endoplasm
Aim: an endoplasm (heavily wounded)
You freeze the endoplasm.
You kill the endoplasm!
The bat hits you but does no damage. The quokka bites you.
* * * LOW HITPOINT WARNING * * *
Casting: Freeze (safe; 5% risk of failure)
Confirm with . or Enter, or press ? or * to list all spells.
Aiming: Freeze (safe; 5% risk of failure)
Press: ? - help, Shift-Dir - straight line, f - quokka
Aim: a quokka (heavily wounded)
You freeze the quokka.
The quokka is severely wounded.
The quokka bites you.
You die...

...'.#.. ####.#.##
♣♣♣.#..## ########
♣⌠..#...#######......#
#♣♣♣..........##.....>#
######..)####.##......#
.........# #...[.....#
.........# ####......##
........## #@r.....###
.........# #.b.........
.........## #......#....
....÷.....# ###.......#.
..........# ##.####....
..........## ###..........
........#..####..........#.
.......##..)......#####.##
[..........##..#.#####..#


You could see a quokka and a bat.

Vanquished Creatures
  An endoplasm (D:1)
  A giant cockroach (D:1)
  3 goblins (D:1)
  2 hobgoblins (D:1)
  5 kobolds (D:1)
  A ball python (D:1)
  2 bats (D:1)
  A frilled lizard (D:1)
  2 rats (D:1)
18 creatures vanquished.

Notes
Turn   | Place    | Note
-------+----------+-------------------------------------------
     0 | D:1      | MachoJfn the Demonspawn Ice Elementalist began the quest
                  | for the Orb.
     0 | D:1      | Reached XP level 1. HP: 13/13 MP: 3/3
   168 | D:1      | Gained mutation: You regenerate a little health from kills.
                  | [demonic ancestry]
   168 | D:1      | Reached XP level 2. HP: 14/19 MP: 1/5
   343 | D:1      | You fall into a shaft and drop 1 floor!
   446 | D:1      | Slain by a quokka

Illustrated notes

Levels and vault maps discovered:
D:1:      sevenhm_arrival_forest_fort_small_3, layout_rooms
D:2:      layout_basic

Action                     || total
---------------------------++-------
  Melee: Short sword       ||    25
   Cast: Freeze            ||    17
 Armour: Leather armour    ||    34
         Robe              ||     3
  Dodge: Dodged            ||    39

Table legend: (Time is in decaauts)
 A = Elapsed time spent in this place.
 B = Non-inter-level travel time spent in this place.
 C = Inter-level travel time spent in this place.
 D = Time resting spent in this place.
 E = Time spent auto-exploring this place.
 F = Levels seen in this place.
 G = Mean time per level.
                   A        B        C        D        E       F      G
               +--------+--------+--------+--------+--------+-----+--------+
         Total |    445 |    417 |     28 |     35 |    228 |   2 |  222.5 |
       Dungeon |    445 |    417 |     28 |     35 |    228 |   2 |  222.5 |
               +--------+--------+--------+--------+--------+-----+--------+

Top non-repeatable levels by time:
     D:1: 400 daAuts
     D:2: 45 daAuts
